 Dungeon Crawl Stone Soup version 0.25.0-1-g7eea58d2a3 (webtiles) character file.

Game seed: 699290020155036998

141912 HungrySpirit the Severer (level 17, 0/159 HPs)
             Began as a Hill Orc Earth Elementalist on June 14, 2020.
             Was a High Priest of Ashenzari.
             Succumbed to a +4 long sword of venom's poison
             ... on level 1 of the Elven Halls.
             The game lasted 02:01:25 (45608 turns).

HungrySpirit the Severer (HOEE)                    Turns: 45608, Time: 02:01:25

Health: 0/159      AC:  0    Str: 17 (18) XL:     17   Next: 34%
Magic:  24/24      EV: 26    Int: 17      God:    Ashenzari [*****.]
Gold:   3114       SH:  0    Dex: 15 (16) Spells: 19/19 levels left

rFire    . . .     SeeInvis +   (weapon currently unavailable)
rCold    . . .     Gourm    .   (shield currently unavailable)
rNeg     . . .     Faith    .   (armour currently unavailable)
rPois    .         Spirit   .   (helmet currently unavailable)
rElec    .         Reflect  .   (cloak currently unavailable)
rCorr    .         Harm     .   (gloves currently unavailable)
MR       +....     Clarity  +   (boots currently unavailable)
Stlth    ++........             b - amulet of the acrobat
HPRegen  0.36/turn              (ring currently unavailable)
MPRegen  0.19/turn              (ring currently unavailable)

@: brilliant, lethally poisoned (0 -> -8), bat-form, flying, hasted, studying
Invocations, lightly drained, very quick
A: tiny, repulsion field 1, clever 1
a: Curse Item, Scrying, Transfer Knowledge, Renounce Religion


You were on level 1 of the Elven Halls.
You worshipped Ashenzari.
Ashenzari was extremely pleased with you.
You were not hungry.
You were in bat-form.
You visited 6 branches of the dungeon, and saw 29 of its levels.
You also visited: Bailey and Desolation.

You collected 4728 gold pieces.
You spent 1614 gold pieces at shops.

Inventory:

Hand Weapons
 f - a +2 whip of venom
 l - a +9 vampiric halberd (melded)
 z - a +1 halberd of freezing
 R - a +0 battleaxe
Missiles
 t - 5 javelins
 U - a throwing net (quivered)
Armour
 a - the +7 chain mail "Abezog" {+Inv rN+ MR+}
   (You found it in the Desolation of Salt)

   It protects you from negative energy.
   It affects your resistance to hostile enchantments.
   It lets you turn invisible.
 e - a cursed scarf of resistance (melded)
 p - a cursed +0 helmet (melded)
 w - a +0 pair of gloves (melded)
 F - a +0 kite shield
 P - a +1 helmet of intelligence
 V - the cursed +10 plate armour of the Crypt (melded) {*Contam rPois MP+9}
   (You acquired it on level 5 of the Lair of Beasts)

   It protects you from poison.
   It affects your magic capacity (+9).
   It causes magical contamination when unequipped.
   It has a curse placed upon it.
Jewellery
 b - an amulet of the acrobat (around neck)
 c - an uncursed ring of protection from fire
 k - a +4 ring of evasion (melded)
 q - an uncursed ring of fire
 A - an uncursed amulet of reflection
 C - the ring "Yticum" (melded) {rPois Dex+6}
   (You found it in the Desolation of Salt)

   [ring of poison resistance]

   It affects your dexterity (+6).
   It protects you from poison.
 D - an uncursed ring of protection from cold
 E - an uncursed ring of poison resistance
Wands
 x - a wand of polymorph (12)
 H - a wand of iceblast (15)
 J - a wand of flame (35)
 K - a wand of enslavement (5)
 S - a wand of digging (19)
Scrolls
 o - 5 scrolls of amnesia
 s - 3 scrolls of teleportation
 u - 7 scrolls of identify
 v - a scroll of enchant weapon
 y - a scroll of vulnerability
 L - 2 scrolls of holy word
 M - 2 scrolls of enchant armour
 N - a scroll of summoning
 T - 10 scrolls of remove curse
Potions
 h - 4 potions of flight
 G - 2 potions of stabbing
 I - 4 potions of brilliance
Books
 n - a manual of Invocations
Miscellaneous
 r - a phial of floods (inert)
Comestibles
 d - 30 rations
 O - 2 chunks of flesh


   Skills:
 + Level 16.5(16.1) Fighting
 - Level 18.0(20.1) Axes
 - Level 8.8(12.9) Maces & Flails
 * Level 12.9(15.5) Polearms
 - Level 14.6(17.8) Armour
 - Level 6.0(5.7) Dodging
 - Level 1.5(1.3) Stealth
 - Level 1.5(1.3) Spellcasting
   Level 0.6(0.3) Transmutations
   Level 3.0(2.7) Earth Magic
 - Level 10.0(9.7) Evocations


You had 19 spell levels left.
You didn't know any spells.
Your spell library contained the following spells:

 Spells                   Type           Power        Failure   Level  Hunger
 Sandblast                Erth           ###...       7%          1    None
 Passwall                 Tmut/Erth      #.......     17%         2    None
 Animate Skeleton         Necr           N/A          21%         1    None
 Apportation              Tloc           #.....       21%         1    None
 Corona                   Hex            #......      21%         1    None
 Summon Butterflies       Summ           #.......     21%         1    None
 Summon Small Mammal      Summ           #...         21%         1    None
 Call Imp                 Summ           #.......     30%         2    None
 Ensorcelled Hibernation  Hex/Ice        #.....       30%         2    None
 Slow                     Hex            #.......     30%         2    None
 Swiftness                Chrm/Air       #.......     30%         2    None
 Stone Arrow              Conj/Erth      #.....       34%         3    None
 Call Canine Familiar     Summ           #.......     52%         3    None
 Confusing Touch          Hex            #.......     52%         3    None
 Gell's Gravitas          Tloc           #.........   52%         3    None
 Inner Flame              Hex/Fire       #.......     52%         3    None
 Lesser Beckoning         Tloc           #.........   52%         3    None
 Ozocubu's Armour         Chrm/Ice       #.......     52%         3    None
 Portal Projectile        Hex/Tloc       #.....       52%         3    None
 Summon Guardian Golem    Hex/Summ       #.......     52%         3    None
 Tukima's Dance           Hex            #.......     52%         3    None
 Petrify                  Tmut/Erth      #.......     73%         4    None
 Leda's Liquefaction      Hex/Erth       #.........   75%         4    None
 Ice Form                 Ice/Tmut       #.......     88%         4    None
 Lee's Rapid Deconstruct  Erth           ###.......   88%         5    None
 Cause Fear               Hex            #.........   90%         4    None
 Summon Ice Beast         Ice/Summ       #.......     90%         4    None
 Summon Lightning Spire   Summ/Air       #.......     90%         4    None
 Agony                    Necr           #.......     99%         5    None
 Alistair's Intoxication  Tmut/Pois      #.......     99%         5    None
 Metabolic Englaciation   Hex/Ice        #.........   99%         5    None
 Silence                  Hex/Air        #.........   99%         5    None
 Yara's Violent Unravell  Hex/Tmut       #.........   99%         5    None
 Freezing Cloud           Conj/Ice/Air   #.........   100%        6    None
 Invisibility             Hex            #.......     100%        6    None
 Ozocubu's Refrigeration  Ice            #.........   100%        6    None
 Simulacrum               Ice/Necr       #.........   100%        6    None
 Dragon Form              Tmut           #.........   100%        7    None
 Discord                  Hex            #.........   100%        8    None
 Tornado                  Air            #.........   100%        9    None


Dungeon Overview and Level Annotations

Branches:
Dungeon (14/15)            Temple (0/1) D:4            Lair (6/6) D:9
 Shoals (1/4) Lair:2       Spider (4/4) Lair:3        Slime (0/5) Lair:5
    Orc (2/2) D:10            Elf (2/3) Orc:2        Bailey (visited)
Desolation (visited)
 Vaults: D:13-14

Altars:
Ashenzari
Cheibriados
Dithmenos
Elyvilon
Fedhas
Gozag
Hepliaklqana
Makhleb
Nemelex Xobeh
Uskayaw
Wu Jian
Xom
Yredelemnul
Zin
The Shining One
Beogh

Shops:
D:9 ?*?%   D:11 ?   D:14 (!(   Orc:2 %[((   Elf:1 :

Annotations:
D:3 2 transporters, MirrMurr's ghost, amateur DsBe
D:4 Grinder
D:13 2 transporters, Ahonude's ghost, journeyman TrMo
D:14 Rupert
Lair:3 exclusion: oklob plant
Lair:5 exclusion: 2 oklob plants
Spider:3 3 runed translucent doors, Ikly's ghost, journeyman GrFi; Qedaape's ghost, adept CeHu


Innate Abilities, Weirdness & Mutations

You are surrounded by a mild repulsion field. (EV +2)
Your mind is acute. (Int +2)


Message History

You feel sick.
Unknown command.
Evoke which item? (* to show all) (? for menu, Esc to quit)
Aiming: Polymorph
Press: ? - help, Shift-Dir - straight line, f - you That beam is likely to hit you.
Continue anyway?
Nothing appears to happen.
* * * LOW HITPOINT WARNING * * *
You feel sick.
Evoke which item? (* to show all) (? for menu, Esc to quit)
Aiming: Polymorph
Press: ? - help, Shift-Dir - straight line, f - you That beam is likely to hit you.
Continue anyway?
Nothing appears to happen.
Evoke which item? (* to show all) (? for menu, Esc to quit)
Aiming: Polymorph
Press: ? - help, Shift-Dir - straight line, f - you That beam is likely to hit you.
Continue anyway?
Nothing appears to happen.
You die...

**,** #.# **,** #.# **,** #.#
**,** #.# **,** #.# **,** #.#
**,**#.# **,**#.# **,##'##
**,*#.# *#+...## **+#'##
##.....## ##...##
##.......##########.....#
*****#.........'b......'.^...#
,,,,,+.........#########.....#
*****#.........# ##...##
##.......## ##### ##.....##
##...## #####


There were no monsters in sight!

Vanquished Creatures
  Arachne (Spider:2)
  Jorgrun (Orc:1)
  Gastronok (D:11)
  An emperor scorpion (Spider:3)
  2 orc warlords
  An imperial myrmidon (Desolation)
  A stone giant (Orc:1)
  5 entropy weavers
  Nessos (D:14)
  A halazid warlock (Desolation)
  A spark wasp (Spider:3)
  8 ragged hierophants (Desolation)
  A crystal guardian (Desolation)
  7 hydras
  5 servants of whispers (Desolation)
  5 peacekeepers (Desolation)
  A merfolk avatar (Lair:6)
  A centaur warrior (D:13)
  2 two-headed ogres
  2 death yaks
  3 dancing weapons
  4 orc high priests
  A deep elf knight (Elf:1)
  Sonja (Lair:6)
  3 skeletal warriors
  A wizard (D:14)
  A deep elf archer (Orc:1)
  3 orc knights
  7 harpies
  14 wolf spiders
  2 orc sorcerers
  5 ugly things
  18 deep elf magi
  10 orb spiders
  3 cyclopes
  8 elephants
  Joseph (D:9)
  A manticore (Shoals:1)
  A guardian serpent (Desolation)
  5 moths of wrath
  2 black mambas
  2 torpor snails
  A molten gargoyle (Desolation)
  14 spiny frogs
  7 rime drakes
  7 komodo dragons
  8 demonic crawlers
  2 tengu conjurers (D:11)
  19 jumping spiders
  4 trolls
  4 polar bears
  45 saltlings
  A wind drake (Lair:6)
  3 hornets
  7 blink frogs
  A merfolk (Shoals:1)
  A slime creature (D:13)
  A snapping turtle (Shoals:1)
  A meliai zombie (D:14)
  6 hippogriffs
  2 water elementals
  A spriggan (D:12)
  61 redbacks
  17 tarantellas
  23 yaks
  8 wyverns
  2 vampires
  4 humans (D:14)
  3 basilisks
  A steam dragon (D:7)
  2 hungry ghosts
  3 vampire mosquitoes (D:14)
  A warg (Orc:1)
  A soldier ant (D:9)
  15 water moccasins
  An acid dragon (D:13)
  44 orc warriors
  9 porcupines
  4 phantoms
  An eye of draining (D:14)
  A sky beast (D:5)
  3 ice beasts
  10 ogres
  6 centaurs
  A necrophage (D:12)
  9 crocodiles
  A big kobold (D:13)
  10 bullfrogs
  Blork the orc (D:5)
  A scorpion (D:5)
  A water moccasin skeleton (D:8)
  2 wights
  4 killer bees
  3 howler monkeys
  8 electric eels
  2 crimson imps
  4 hounds
  13 orc priests
  5 centaur skeletons
  8 jellies
  A gnoll shaman (D:5)
  A bullfrog skeleton (D:12)
  2 iguanas
  Natasha (thrice) (D:3)
  20 orc wizards
  8 worker ants
  2 hound zombies
  A hound skeleton (D:8)
  2 worker ant zombies
  7 adders
  8 gnolls
  9 oozes (D:13)
  2 worms
  3 dart slugs
  3 leopard geckos
  76 orcs
  A ball python (D:1)
  8 bats
  4 giant cockroaches
  6 hobgoblins
  6 jackals
  3 quokkas
  6 frilled lizards
  12 goblins
  13 kobolds
  A quokka skeleton (D:4)
  6 rats
  2 fungi
  4 plants (Lair:6)
792 creatures vanquished.

Vanquished Creatures (others)
  A deep elf mage (Elf:1)
  A saltling (Desolation)
  An orc warrior (Orc:1)
  4 ogres
  An iguana (D:4)
  An orc wizard (Orc:2)
  A worker ant (D:4)
  A frilled lizard (D:4)
  11 fungi
  22 plants
  2 withered plants (Spider:3)
46 creatures vanquished.

Grand Total: 838 creatures vanquished

Notes
Turn   | Place    | Note
-------+----------+-------------------------------------------
     0 | D:1      | HungrySpirit the Hill Orc Earth Elementalist began the
                  | quest for the Orb.
     0 | D:1      | Reached XP level 1. HP: 14/14 MP: 3/3
    75 | D:1      | Reached skill level 1 in Fighting
    99 | D:1      | Reached XP level 2. HP: 8/23 MP: 0/4
   402 | D:1      | Reached skill level 1 in Armour
   557 | D:1      | Reached skill level 1 in Maces & Flails
   652 | D:1      | Reached XP level 3. HP: 27/29 MP: 5/5
  1014 | D:2      | You fall into a shaft and drop 1 floor!
  1014 | D:3      | Found a basalt altar of Yredelemnul.
  1127 | D:2      | Found a faded altar of an unknown god.
  1704 | D:2      | Became a worshipper of Ashenzari the Shackled
  1704 | D:2      | Reached * piety under Ashenzari
  1721 | D:3      | Noticed a necrophage
  1734 | D:3      | Found a transporter.
  1972 | D:3      | Found a transporter.
  1974 | D:3      | Noticed MirrMurr's ghost (amateur DsBe)
  2201 | D:3      | Reached XP level 4. HP: 31/37 MP: 6/6
  2460 | D:3      | Found a shattered altar of Ashenzari.
  2816 | D:3      | Noticed Natasha
  2822 | D:3      | Killed Natasha
  2924 | D:3      | Found an ornate altar of the Wu Jian Council.
  2942 | D:3      | Found a hazy altar of Hepliaklqana.
  2961 | D:3      | Noticed Natasha
  2971 | D:3      | Killed Natasha
  2971 | D:3      | Reached XP level 5. HP: 27/45 MP: 7/7
  3283 | D:4      | Noticed an ogre
  3286 | D:4      | Noticed an ogre
  3334 | D:4      | Killed an ogre
  3336 | D:4      | Killed an ogre
  3447 | D:4      | Found a staircase to the Ecumenical Temple.
  3665 | D:4      | Reached XP level 6. HP: 37/51 MP: 8/8
  3790 | D:4      | Found an opulent altar of Gozag.
  3807 | D:4      | Found a shimmering altar of Xom.
  4491 | D:4      | Noticed a phantom
  4732 | D:3      | Reached skill level 5 in Maces & Flails
  4767 | D:3      | Noticed Natasha
  4777 | D:3      | Killed Natasha
  4777 | D:3      | Reached XP level 7. HP: 45/59 MP: 9/9
  5009 | D:3      | HP: 2/59 [wight/cursed +0 scimitar (10)]
  5586 | D:5      | Entered Level 5 of the Dungeon
  5625 | D:5      | Noticed Blork the orc
  5641 | D:5      | Killed Blork the orc
  6293 | D:5      | Noticed Grinder
  6594 | D:5      | Reached skill level 5 in Fighting
  6863 | D:5      | Reached XP level 8. HP: 52/68 MP: 10/10
  6932 | D:5      | Paralysed by Grinder for 6 turns
  7415 | D:5      | Found a blossoming altar of Fedhas.
  7964 | D:5      | Reached skill level 5 in Armour
  8218 | D:6      | Found a shadowy altar of Dithmenos.
  8386 | D:6      | Reached ** piety under Ashenzari
  8475 | D:6      | Found a glowing golden altar of the Shining One.
  8736 | D:6      | Found a white marble altar of Elyvilon.
  9227 | D:7      | Reached XP level 9. HP: 25/78 MP: 11/11
  9835 | D:7      | Found a glowing silver altar of Zin.
  9934 | D:8      | Reached skill level 1 in Axes
 10333 | D:8      | Found a burning altar of Makhleb.
 10394 | D:7      | Reached skill level 2 in Axes
 10796 | D:8      | Reached skill level 3 in Axes
 10851 | D:8      | Found a sparkling altar of Nemelex Xobeh.
 11073 | D:9      | Found Vaujudy's Magic Scroll Boutique.
 11105 | D:9      | Bought a scroll of blinking for 75 gold pieces
 11105 | D:9      | Bought 2 scrolls of noise for 20 gold pieces
 11105 | D:9      | Bought a scroll of magic mapping for 35 gold pieces
 11105 | D:9      | Bought a scroll of identify for 20 gold pieces
 11105 | D:9      | Bought a scroll of holy word for 75 gold pieces
 11164 | D:9      | Reached skill level 4 in Axes
 11283 | D:9      | Found the +8 autumn katana {vorpal, Clar}
 11569 | D:9      | Reached skill level 5 in Axes
 11645 | D:9      | Noticed Joseph
 11664 | D:9      | Killed Joseph
 11664 | D:9      | Reached skill level 6 in Axes
 11792 | D:9      | Found a hide-covered altar of Uskayaw.
 11831 | D:9      | Found Tozaah's Food Emporium.
 11843 | D:9      | Found Zoavad's Assorted Antiques.
 11848 | D:9      | Bought a shiny chain mail for 247 gold pieces
 11848 | D:9      | Bought a fizzy white potion for 29 gold pieces
 11848 | D:9      | Bought a wand of paralysis (9) for 66 gold pieces
 11977 | D:9      | Noticed a komodo dragon
 11984 | D:9      | Reached XP level 10. HP: 86/88 MP: 12/12
 12006 | D:9      | Reached skill level 7 in Axes
 12089 | D:9      | Found a staircase to the Lair.
 12120 | D:9      | Found Duschuf's Magic Scroll Shoppe.
 12458 | D:10     | Entered Level 10 of the Dungeon
 12808 | D:10     | Found a staircase to the Orcish Mines.
 12878 | D:10     | Reached *** piety under Ashenzari
 13045 | Orc:1    | Entered Level 1 of the Orcish Mines
 13077 | D:11     | Found Liqith's Magic Scroll Emporium.
 13276 | D:11     | Noticed Gastronok
 13435 | Lair:1   | Entered Level 1 of the Lair of Beasts
 13435 | Lair:1   | Noticed a spiny frog
 13453 | Lair:1   | Killed a spiny frog
 13453 | Lair:1   | Reached skill level 8 in Axes
 13645 | Lair:1   | Noticed a spiny frog
 13664 | Lair:1   | Killed a spiny frog
 13899 | Lair:1   | Reached skill level 9 in Axes
 14040 | Lair:1   | Noticed a spiny frog
 14057 | Lair:1   | Killed a spiny frog
 14413 | Lair:1   | Reached **** piety under Ashenzari
 15045 | Lair:2   | Reached skill level 10 in Axes
 15397 | Lair:2   | Found a snail-covered altar of Cheibriados.
 15483 | Lair:2   | Reached XP level 11. HP: 99/99 MP: 13/13
 15598 | Lair:2   | Reached skill level 10 in Fighting
 15598 | Lair:2   | Reached skill level 11 in Axes
 15756 | Lair:2   | Found a staircase to the Shoals.
 16252 | Lair:3   | Noticed a four-headed hydra
 16258 | Lair:3   | Killed a four-headed hydra
 16757 | Lair:3   | Found a hole to the Spider Nest.
 16861 | Lair:3   | Reached skill level 1 in Evocations
 16920 | Lair:3   | Reached skill level 12 in Axes
 17263 | Lair:3   | Noticed an oklob plant
 17473 | Lair:3   | Noticed an eight-headed hydra
 17481 | Lair:3   | Killed an eight-headed hydra
 17703 | Lair:3   | Reached skill level 10 in Armour
 17755 | Lair:3   | Noticed an eight-headed hydra
 17774 | Lair:3   | Killed an eight-headed hydra
 18142 | Lair:3   | Reached skill level 13 in Axes
 18142 | Lair:3   | Reached XP level 12. HP: 109/110 MP: 14/14
 19165 | Lair:4   | Noticed a six-headed hydra
 19181 | Lair:4   | Killed a six-headed hydra
 19876 | Lair:4   | Identified a scroll of acquirement
 20053 | Lair:4   | Noticed a death yak
 20258 | Lair:4   | Reached skill level 14 in Axes
 20474 | Lair:4   | Noticed a death yak
 20528 | Lair:3   | Killed a death yak
 20714 | Lair:4   | Killed a death yak
 21185 | Lair:5   | Reached skill level 5 in Evocations
 21872 | Lair:5   | Got the cursed +10 plate armour of the Crypt {*Contam rPois
                  | MP+9}
 22197 | Lair:6   | Entered Level 6 of the Lair of Beasts
 22209 | Lair:6   | Reached skill level 15 in Axes
 22323 | Lair:6   | Reached XP level 13. HP: 94/118 MP: 16/16
 22467 | Lair:6   | Noticed Sonja
 22471 | Lair:6   | Killed Sonja
 23889 | Lair:6   | Reached skill level 16 in Axes
 25890 | Orc:1    | Reached ***** piety under Ashenzari
 25968 | Orc:1    | Noticed a stone giant
 25996 | Orc:1    | Killed a stone giant
 26287 | Orc:1    | Reached skill level 17 in Axes
 26287 | Orc:1    | Reached XP level 14. HP: 129/129 MP: 18/18
 26294 | Orc:1    | Noticed an orc warlord
 26331 | Orc:1    | Killed an orc warlord
 26728 | Orc:1    | Noticed Jorgrun
 26942 | Orc:1    | Killed Jorgrun
 26949 | Orc:1    | Found a roughly hewn altar of Beogh.
 27161 | Orc:2    | Entered Level 2 of the Orcish Mines
 27170 | Orc:2    | Found a roughly hewn altar of Beogh.
 27265 | Orc:2    | Found a roughly hewn altar of Beogh.
 27299 | Orc:2    | Found Tylum's Weapon Shop.
 27803 | Orc:2    | Found a roughly hewn altar of Beogh.
 27828 | Orc:2    | Found a roughly hewn altar of Beogh.
 27848 | Orc:2    | Found Vaedaruf's Food Shop.
 27976 | Orc:2    | Found a roughly hewn altar of Beogh.
 28519 | Orc:2    | Found a roughly hewn altar of Beogh.
 28519 | Orc:2    | Found a staircase to the Elven Halls.
 28910 | Orc:2    | Noticed an orc warlord
 28961 | Orc:2    | Killed an orc warlord
 29435 | Orc:2    | Reached skill level 18 in Axes
 29588 | Orc:2    | Found Pukkirch's Antique Armour Shoppe.
 29590 | Orc:2    | Found Qetz's Antique Weapon Emporium.
 29591 | Orc:2    | Found a roughly hewn altar of Beogh.
 29608 | Orc:2    | Bought a pair of spiked boots for 247 gold pieces
 30084 | Orc:2    | Bought a +2 vampiric halberd for 240 gold pieces
 30342 | D:11     | Killed Gastronok
 30342 | D:11     | Reached skill level 1 in Polearms
 31707 | D:13     | Found a transporter.
 31876 | D:13     | Found a transporter.
 32492 | D:13     | Found a glowing golden altar of the Shining One.
 32577 | D:13     | Noticed Ahonude's ghost (journeyman TrMo)
 32813 | D:14     | Found Atajiudd's Weapon Boutique.
 32845 | D:14     | Noticed Rupert
 32847 | D:14     | Paralysed by Rupert for 2 turns
 32937 | D:14     | Found Jythotu's Weapon Boutique.
 32971 | D:14     | Found a flagged portal.
 32991 | Bailey   | Entered a bailey
 33294 | Bailey   | Found a roughly hewn altar of Beogh.
 33321 | Bailey   | Reached skill level 5 in Polearms
 33321 | Bailey   | Reached XP level 15. HP: 113/138 MP: 21/21
 34075 | D:14     | Found Essufeep's Distillery.
 34144 | D:14     | Bought a potion of magic for 128 gold pieces
 34144 | D:14     | Bought a potion of heal wounds for 80 gold pieces
 34144 | D:14     | Bought a potion of curing for 48 gold pieces
 34144 | D:14     | Bought a potion of haste for 160 gold pieces
 34144 | D:14     | Bought a potion of curing for 48 gold pieces
 34144 | D:14     | Bought 2 potions of curing for 96 gold pieces
 34243 | D:14     | Noticed Nessos
 34266 | D:14     | Killed Nessos
 34821 | Spider:1 | Entered Level 1 of the Spider Nest
 37610 | Spider:2 | Reached skill level 15 in Fighting
 37758 | Spider:2 | Identified the +8 quarterstaff "Eklen" {drain, rElec rN+
                  | Int-4}
 39032 | Spider:2 | Noticed Arachne
 39052 | Spider:2 | Reached XP level 16. HP: 127/149 MP: 23/23
 39153 | Spider:2 | Killed Arachne
 39909 | Spider:3 | Found a runed translucent gate.
 39910 | Spider:3 | Found a runed translucent gate.
 39911 | Spider:3 | Found a runed translucent gate.
 39912 | Spider:3 | Noticed Qedaape's ghost (adept CeHu)
 39913 | Spider:3 | Noticed Ikly's ghost (journeyman GrFi)
 40610 | Spider:3 | Reached skill level 10 in Evocations
 40942 | Spider:3 | Reached skill level 10 in Polearms
 41618 | Spider:4 | Entered Level 4 of the Spider Nest
 41783 | Shoals:1 | Entered Level 1 of the Shoals
 42133 | Elf:1    | Entered Level 1 of the Elven Halls
 42589 | Elf:1    | Found a ruined gateway.
 42594 | Desolati | Entered the Desolation of Salt
 43229 | Desolati | Identified the +7 chain mail "Abezog" {+Inv rN+ MR+}
 43263 | Desolati | Identified the ring "Yticum" {rPois Dex+6}
 43275 | Desolati | Reached skill level 5 in Dodging
 43457 | Desolati | Identified the Grimoire of Freezing Air
 43466 | Desolati | Identified the Grimoire of the Lonely Places
 43591 | Desolati | Reached XP level 17. HP: 152/158 MP: 24/24
 45166 | Elf:1    | Found Ibla Syst's Book Emporium.
 45580 | Elf:1    | Noticed a quicksilver dragon
 45580 | Elf:1    | a six-headed hydra changed into a quicksilver dragon
 45601 | Elf:1    | HP: 7/159 [+4 vampiric battleaxe (13)]
 45603 | Elf:1    | Gained mutation: You are surrounded by a mild repulsion
                  | field. (EV +2) [potion of mutation]
 45603 | Elf:1    | Gained mutation: Your mind is acute. (Int +2) [potion of
                  | mutation]
 45603 | Elf:1    | HP: 3/159 [poisoned by a +4 long sword of venom]
 45605 | Elf:1    | HP: 1/159 [poisoned by a +4 long sword of venom]
 45608 | Elf:1    | Succumbed to a +4 long sword of venom's poison

Illustrated notes

Levels and vault maps discovered:
D:1:      dpeg_arrival_boxes_within_box, layout_rooms
D:2:      layout_loops_ring, first_ration,
          chequers_ecumenical_altar_simple_redux
D:3:      layout_loops_ring, lemuel_doored_altar, yredelemnul_altar_generic,
          overflow_temple_1_default, cheibrodos_ashenzari_chains,
          gammafunk_ghost_mausoleum, uniq_natasha
D:4:      layout_loops_ring, nicolae_overflow_crystal_walls,
          xom_confusion_cloud, minmay_temple_entry_waves, serial_park_tiny_2
D:5:      layout_loops_ring, fedhas_ov_isle_minmay, uniq_grinder,
          uniq_blork_the_orc
D:6:      layout_basic, grunt_dithmenos_shadows, kennysheep_mini, tso_altar
D:7:      layout_rooms, zin_statuary
D:8:      layout_gridville, kennysheep_mini_moat, marbit_many_paths
D:9:      lemuel_upstairs_altar, layout_basic, david_lair_shrubbed, basic_altar,
          serial_shops, shop, shop, nicolae_shop_temple_entry_statues_fountains,
          kennysheep_little_box, chequers_serial_rivers_marsh, uniq_joseph
D:10:     layout_small_grid, orc_0_dummy
D:11:     layout_cave_pods, serial_column_ruins, column_ruins_circle_small,
          column_ruins_grid_1, column_ruins_grid_1,
          column_ruins_corridor_straight, column_ruins_open_medium,
          serial_shops, shop, uniq_gastronok
D:12:     layout_small_grid, hangedman_stone_soup, minivault_16
D:13:     lemuel_slime, layout_basic, basic_altar, gammafunk_ghost_stat_death
D:14:     layout_stronghold, grunt_vaults_entry_tiered, minmay_strange_pillars,
          serial_shops, shop, nicolae_shop_statue_plus,
          nicolae_shop_statue_plus, shop, enter_bailey_2, st_stairs_5,
          minivault_12, uniq_rupert, uniq_nessos
Lair:1:   layout_hall_layers, grunt_megastairs_4
Lair:2:   layout_long_grid, elwin_shoals_entry_rocks, basic_altar
Lair:3:   layout_cave_pods, spider_nest_entry_webs, minmay_lair_oklob_bushes
Lair:4:   layout_cave_pods, beast_lair_carwin_3
Lair:5:   layout_hall_layers, minmay_slime_entry_oklob_open,
          gauntlet_entry_generic, serial_bayou_shore_a, lemuel_fruit_fields
Lair:6:   gammafunk_lair_ancient_temple, layout_cave_shapes,
          serial_bayou_shore_b, uniq_sonja
Shoals:1: layout_shoals
Spider:1: layout_spider_delve
Spider:2: layout_spider_delve, uniq_arachne
Spider:3: layout_spider_delve, gammafunk_ghost_cemetery, drop_trap,
          spiders_nest_hornet_nest
Spider:4: guppyfry_spider_rune
Orc:1:    nicolae_orc_accident_2, layout_diamond_mine, elf_legates, uniq_jorgrun
Orc:2:    grunt_orc_community_town_hall, layout_diamond_mine,
          grunt_orc_community_big_house_1, grunt_orc_community_big_house_1,
          grunt_orc_community_house_3, grunt_orc_community_house_3,
          grunt_orc_community_house_1, grunt_orc_community_house_1,
          grunt_orc_community_house_2, grunt_orc_community_house_3,
          statue_in_the_mist_lemuel
Elf:1:    elf_arrival_002, layout_geoelf_grid, portal_desolation_entry_ruin,
          serial_shops, shop, minivault_28, minmay_elf_necromancy, uniq_azrael,
          uniq_nikola
Elf:2:    layout_gridlike, serial_shops, shop

Skill      XL: |  1  2  3  4  5  6  7  8  9 10 11 12 13 14 15 16 17 |
---------------+----------------------------------------------------+-----
Fighting       | 1 2 3 4 5 6 8 9 11 12 13 14 15 16 | 16.5
Armour         | 1 2 3 4 5 7 8 10 11 12 13 14 | 14.6
Maces & Flails | 1 2 3 5 6 8 |  8.8
Axes           | 6 10 13 15 17 18 | 18.0
Evocations     | 3 5 6 8 9 10 | 10.0
Polearms       | 5 9 11 12 | 12.9
Dodging        | 3 5 6 |  6.0
Stealth        | |  1.5
Spellcasting   | |  1.5
Transmutations | |  0.6
Earth Magic    | |  3.0

Action                   |  1- 3 |  4- 6 |  7- 9 | 10-12 | 13-15 | 16-18 || total
-------------------------+-------+-------+-------+-------+-------+-------++-------
Melee: Whip              |    98 |   128 |   411 |   220 |     8 |       ||   865
       Unarmed           |     6 |       |       |       |       |       ||     6
       Mace              |       |    12 |     6 |       |       |       ||    18
       Flail             |       |       |    95 |       |       |       ||    95
       War axe           |       |       |       |   410 |       |       ||   410
       Battleaxe         |       |       |       |    96 |   740 |       ||   836
       Halberd           |       |       |       |       |  1020 |   863 ||  1883
Throw: Dart              |       |    19 |     9 |     8 |       |       ||    36
       Boomerang         |       |     5 |     4 |       |       |       ||     9
       Stone             |       |     3 |       |       |       |       ||     3
       Javelin           |       |       |       |       |     5 |     2 ||     7
 Cast: Sandblast         |     6 |       |       |       |       |       ||     6
Evoke: Wand              |       |       |     3 |    69 |    53 |    19 ||   144
       Phial of floods   |       |       |       |       |     1 |     2 ||     3
  Use: Scroll            |       |     3 |    15 |     4 |    14 |    14 ||    50
       Potion            |       |       |     6 |       |     7 |    23 ||    36
 Stab: Sleeping          |     1 |     1 |       |       |       |       ||     2
       Paralysed         |       |       |       |    38 |    12 |       ||    50
       Invisible         |       |       |       |       |     6 |       ||     6
       Held in net/web   |       |       |       |       |     1 |       ||     1
       Distracted        |       |       |       |       |       |     1 ||     1
  Eat: Chunk             |     4 |     8 |     9 |    15 |    35 |     4 ||    75
       Ration            |       |       |     4 |     7 |     7 |     5 ||    23
Armor: Robe              |    15 |       |       |       |       |       ||    15
       Leather armour    |    26 |    13 |       |       |       |       ||    39
       Scale mail        |       |     6 |    85 |       |       |       ||    91
       Plate armour      |       |       |   151 |    37 |  1147 |   653 ||  1988
       Chain mail        |       |       |    11 |   240 |       |       ||   251
       Skin              |       |       |       |       |       |    51 ||    51
Dodge: Dodged            |   100 |    73 |   121 |   246 |   907 |   570 ||  2017
